 Dungeon Crawl Stone Soup version 0.28-a0-1130-gc51a68064b (webtiles) character file.

Game seed: 4518893679698737082

217 runemasterragnar the Grave Robber (level 5, -1/42 HPs)
             Began as a Deep Dwarf Necromancer on Dec 13, 2021.
             Slain by a phantom (6 damage)
             ... on level 4 of the Dungeon.
             The game lasted 00:08:46 (4365 turns).

runemasterragnar the Grave Robber (DDNe)            Turns: 4365, Time: 00:08:46

Health: -1/42      AC:  2    Str: 11    XL:     5   Next: 62%
Magic:  9/9        EV: 12    Int: 18    God:
Gold:   181        SH:  0    Dex: 13    Spells: 0/9 levels left

rFire   . . .      SeeInvis .   e - +0 short sword (drain)
rCold   . . .      Faith    .   (no shield)
rNeg    . . .      Spirit   .   a - +0 robe
rPois   .          Reflect  .   (no helmet)
rElec   .          Harm     .   (no cloak)
rCorr   .          Rampage  .   (no gloves)
Will    .....                   (no boots)
Stlth   ++........              (no amulet)
HPRegen 0.00/turn               (no ring)
MPRegen 0.11/turn               (no ring)

@: brilliant
A: damage resistance, heal wounds, sense surroundings 1, no regeneration
a: Heal Wounds


You were on level 4 of the Dungeon.
You visited 1 branch of the dungeon, and saw 4 of its levels.

You collected 205 gold pieces.
You spent 24 gold pieces at shops.

Inventory:

Hand Weapons
 c - a +0 short sword
 e - a +0 short sword of draining (weapon)
 o - a +2 flail of holy wrath
Armour
 a - a +0 robe (worn)
Wands
 j - a wand of flame (14)
Scrolls
 b - 3 scrolls of teleportation {unknown}
 d - a scroll of identify
 g - 2 scrolls of enchant armour {unknown}
 h - a scroll of silence {unknown}
 k - a scroll of enchant weapon {unknown}
 l - 4 scrolls of torment {unknown}
 n - a scroll of fog {unknown}


   Skills:
 - Level 0.2 Fighting
 - Level 2.1 Dodging
 - Level 2.4 Stealth
 - Level 0.6 Unarmed Combat
 + Level 2.8 Spellcasting
 * Level 6.3 Necromancy
 + Level 1.7 Transmutations


You couldn't memorise any spells.
You knew the following spells:

 Your Spells              Type           Power      Damage    Failure   Level
a - Pain                  Necr           100%       1d9       1%          1
b - Vampiric Draining     Necr           38%        2d8       3%          3
c - Sting                 Tmut/Pois      32%        1d4       12%         1
d - Animate Dead          Necr           19%        N/A       12%         4

Your spell library contained the following spells:

 Spells                   Type           Power      Damage    Failure   Level
 Animate Skeleton         Necr           76%        N/A       1%          1
 Sublimation of Blood     Necr           38%        N/A       1%          2
 Wereblood                Tmut           13%        N/A       12%         2
 Agony                    Necr           38%        N/A       34%         5
 Gell's Gravitas          Tloc           3%         N/A       45%         3
 Lesser Beckoning         Tloc           3%         N/A       45%         3
 Teleport Other           Tloc           3%         N/A       45%         3
 Summon Hydra             Summ           1%         N/A       100%        7


Dungeon Overview and Level Annotations

Branches:
Dungeon (4/15)
 Temple: D:4-7

Altars:

Shops:
D:1 [?(*   D:2 !


Innate Abilities, Weirdness & Mutations

You are resistant to damage.
You can heal yourself by infusing magical energy.
You passively map a small area around you.
You do not regenerate.


Message History

The phantom is moderately damaged.
The phantom closely misses you.
You closely miss the phantom.
The phantom is moderately damaged.
The phantom misses you.
You hit the phantom.
The phantom is heavily damaged.
The phantom hits you.
You hit the phantom but do no damage.
The phantom is heavily damaged.
The phantom hits you.
The phantom blinks!
You blink.
You hit the phantom.
The phantom is heavily damaged.
The phantom hits you but does no damage.
You miss the phantom.
The phantom is heavily damaged.
The phantom hits you!
* * * LOW HITPOINT WARNING * * *
The phantom blinks!
You blink.
It was a potion of brilliance.
You feel clever all of a sudden. The phantom hits you.
The phantom blinks!
You blink.
You closely miss the phantom.
The phantom is heavily damaged.
The black bear growls angrily.
The phantom hits you.
* * * LOW HITPOINT WARNING * * *
The phantom blinks!
You blink.
The phantom barely misses you.
There is a stone staircase leading down here.
You closely miss the phantom.
The phantom is heavily damaged.
The phantom closely misses you.
You closely miss the phantom.
The phantom is heavily damaged.
The phantom closely misses you.
You closely miss the phantom.
The phantom is heavily damaged.
The phantom hits you!
You die...

, ........# * .. # * ,
##......###.#....
#.........|...# * ##..# #.
#.......###.###,* ....#
#..#....†.(# * .. * * #...#
#..........# *## #...#
####....#### # #.h.# ########.#
# #...# #..W@.##.# ####### *
######...####.###.##.# #.....#
,
#.............###.##.####.....#
...§............#.#...........#
#....................####.....#
######...####.........# #.....#
* # #...# #.........# ####### *
# #...# #.........# # #...#
##...#...######## *


You could see a phantom.

Vanquished Creatures
  2 centaur skeletons (D:4)
  A hound skeleton (D:3)
  4 adders (D:3)
  2 worms
  An adder skeleton (D:4)
  3 dart slugs
  4 orcs (D:4)
  8 bats
  9 endoplasms
  4 giant cockroaches
  13 goblins
  9 hobgoblins
  5 jackals (D:1)
  5 quokkas
  5 ball pythons
  4 frilled lizards
  6 kobolds
  A rat (D:2)
  A toadstool (D:1)
87 creatures vanquished.

Vanquished Creatures (others)
  A fungus (D:1)
  3 toadstools (D:1)
4 creatures vanquished.

Grand Total: 91 creatures vanquished

Notes
Turn   | Place    | Note
-------+----------+-------------------------------------------
     0 | D:1      | runemasterragnar the Deep Dwarf Necromancer began the quest
                  | for the Orb.
     0 | D:1      | Reached XP level 1. HP: 15/15 MP: 3/3
   111 | D:1      | Found Pidingu's Antique Weapon Boutique.
   218 | D:1      | Reached XP level 2. HP: 16/22 MP: 2/4
   454 | D:1      | Found Geelez's General Store.
   490 | D:1      | Found Woext's Magic Scroll Emporium.
   548 | D:1      | Found Varo Mat's Armour Shop.
   687 | D:1      | Bought a scroll of identify for 24 gold pieces
   778 | D:1      | Reached skill level 5 in Necromancy
   980 | D:1      | Reached XP level 3. HP: 16/28 MP: 3/6
   984 | D:1      | Learned a level 3 spell: Vampiric Draining
  1089 | D:1      | Found a faded altar of an unknown god.
  1094 | D:1      | Got Plato's Handbook of Poisoning
  1129 | D:1      | Learned a level 1 spell: Sting
  1641 | D:2      | Found Toylutaa's Distillery.
  2437 | D:3      | Reached XP level 4. HP: 30/36 MP: 7/7
  3193 | D:3      | Reached skill level 1 in Transmutations
  3377 | D:3      | Reached XP level 5. HP: 26/42 MP: 8/8
  3620 | D:4      | Reached skill level 6 in Necromancy
  3757 | D:4      | Noticed a black bear
  3794 | D:4      | Noticed an ogre
  4158 | D:4      | Noticed a necrophage
  4167 | D:4      | Learned a level 4 spell: Animate Dead
  4306 | D:4      | Noticed a phantom
  4365 | D:4      | Slain by a phantom

Illustrated notes

Levels and vault maps discovered:
D:1:      ldierk_water_garden, layout_basic,
          shapermc_ecumenical_altar_rom_forum, serial_shops,
          nicolae_shop_temple_entry_statues_fountains,
          nicolae_shop_window_shopping, nicolae_lakefront_shop,
          nicolae_shop_window_shopping
D:2:      layout_basic, serial_shops, shop, minmay_pentomino_pile
D:3:      minmay_chambers_of_threes, layout_basic, minmay_curled_crystal
D:4:      layout_loops_cross

Skill      XL: |  1  2  3  4  5 |
---------------+----------------+-----
Spellcasting   | 2 |  2.8
Necromancy     | 5 6 |  6.3
Transmutations | 1 |  1.7
Fighting       | |  0.2
Dodging        | |  2.1
Stealth        | |  2.4
Unarmed Combat | |  0.6

Action                   |  1- 3 |  4- 6 || total
-------------------------+-------+-------++-------
Melee: Unarmed           |    21 |       ||    21
       Short sword       |    50 |   137 ||   187
       Punch             |       |     1 ||     1
 Cast: Pain              |    38 |     1 ||    39
       Vampiric Draining |     8 |    17 ||    25
       Sting             |     2 |       ||     2
  Use: Potion            |       |     3 ||     3
 Stab: Sleeping          |     7 |     4 ||    11
Armor: Robe              |    10 |    34 ||    44
Dodge: Dodged            |    52 |   100 ||   152

Table legend: (Time is in decaauts)
 A = Elapsed time spent in this place.
 B = Non-inter-level travel time spent in this place.
 C = Inter-level travel time spent in this place.
 D = Time resting spent in this place.
 E = Time spent auto-exploring this place.
 F = Levels seen in this place.
 G = Mean time per level.
                   A        B        C        D        E       F      G
               +--------+--------+--------+--------+--------+-----+--------+
         Total |   4383 |   4197 |    186 |    198 |   3178 |   4 | 1095.8 |
       Dungeon |   4383 |   4197 |    186 |    198 |   3178 |   4 | 1095.8 |
               +--------+--------+--------+--------+--------+-----+--------+

Top non-repeatable levels by time:
     D:1: 1502 daAuts
     D:3: 1439 daAuts
     D:2: 801 daAuts
     D:4: 640 daAuts
